 Dungeon Crawl Stone Soup version 0.29-a0-322-g68df515428 (webtiles) character file.

Game seed: 13923031951038460279

378 croobank the Skirmisher (level 6, -2/56 HPs)
             Began as a Hill Orc Fighter on Apr 6, 2022.
             Slain by Edmund
             ... wielding a +4 dire flail of venom
              (9 damage)
             ... on level 4 of the Dungeon.
             The game lasted 00:09:26 (2728 turns).

croobank the Skirmisher (Hill Orc Fighter)          Turns: 2728, Time: 00:09:26

Health: -2/56      AC:  7    Str: 27    XL:     6   Next: 74%
Magic:  6/6        EV:  9    Int:  8    God:
Gold:   204        SH: 11    Dex: 10    Spells: 5/5 levels left

rFire   . . .      SeeInvis .   a - +0 war axe
rCold   . . .      Faith    .   c - +1 buckler
rNeg    . . .      Spirit   .   y - +0 scale mail
rPois   .          Reflect  +   (no helmet)
rElec   .          Harm     .   (no cloak)
rCorr   .          Rampage  .   (no gloves)
Will    .....                   (no boots)
Stlth   ..........              d - amulet of reflection
HPRegen 0.18/turn               o - ring of flight
MPRegen 0.10/turn               w - +6 ring of strength

@: lethally poisoned (-2 -> -16), flying
A: no striking features
a: no special abilities


You were on level 4 of the Dungeon.
You visited 1 branch of the dungeon, and saw 4 of its levels.

You collected 204 gold pieces.

Inventory:

Hand Weapons
 a - a +0 war axe (weapon)
 b - a +0 hunting sling
Missiles
 i - 76 stones
 p - 2 javelins
 q - 5 atropa-tipped darts (quivered)
 t - 2 boomerangs
Armour
 c - a +1 buckler (worn)
 y - a +0 scale mail (worn)
Jewellery
 d - an amulet of reflection (around neck)
 o - a ring of flight (left hand)
 s - a ring of wizardry
 u - a ring of magical power
 w - a +6 ring of strength (right hand)
Wands
 e - a wand of charming (6)
Scrolls
 m - a scroll of fog
 x - 3 scrolls of holy word {unknown}
Potions
 f - 2 potions of mutation {unknown}
 g - 2 potions of curing {unknown}
 h - 2 potions of berserk rage {unknown}
 j - a potion of resistance
 k - a potion of magic {unknown}
 l - 3 potions of degeneration {unknown}
 n - a potion of ambrosia {unknown}
 r - a potion of haste {unknown}
 v - a potion of brilliance {unknown}


   Skills:
 + Level 5.3 Fighting
 + Level 5.1 Axes
 + Level 4.9 Armour
 + Level 4.9 Shields


You had 5 spell levels left.
You didn't know any spells.
Your spell library contained the following spells:

 Spells                   Type           Power      Damage    Failure   Level
 Sting                    Tmut/Pois      0%         1d3       77%         1
 Poisonous Vapours        Pois/Air       0%         N/A       88%         2
 Dazzling Flash           Conj/Hex       0%         N/A       98%         3
 Portal Projectile        Hex/Tloc       0%         N/A       98%         3
 Olgreb's Toxic Radiance  Pois           0%         N/A       100%        4
 Agony                    Necr           0%         N/A       100%        5
 Blade Hands              Tmut           0%         N/A       100%        5
 Excruciating Wounds      Necr           0%         N/A       100%        5
 Silence                  Hex/Air        0%         N/A       100%        5


Dungeon Overview and Level Annotations

Branches:
Dungeon (4/15)
 Temple: D:4-7

Altars:
Ashenzari
Wu Jian
Xom

Annotations:
D:4 Edmund


Message History

You block Edmund's attack. Edmund hits you but does no damage.
You are more poisoned.
You hit Edmund.
Edmund is lightly wounded.
You feel very sick. Edmund barely misses you.
You hit Edmund.
Edmund is moderately wounded.
You feel very sick. You block Edmund's attack.
You barely miss Edmund.
Edmund is moderately wounded.
You feel sick. You block Edmund's attack.
You hit Edmund but do no damage.
Edmund is moderately wounded.
You feel sick. Edmund barely misses you. You block Edmund's attack.
You barely miss Edmund.
Edmund is moderately wounded.
You feel sick.
Edmund hits you with a +4 dire flail of venom.
You are more poisoned.
You closely miss Edmund.
Edmund is moderately wounded.
You feel sick. You block Edmund's attack.
You hit Edmund.
Edmund is moderately wounded.
You feel sick.
Edmund hits you with a +4 dire flail of venom!
You are lethally poisoned!
You hit Edmund but do no damage.
Edmund is moderately wounded.
* * * LOW HITPOINT WARNING * * *
You feel extremely sick. You block Edmund's attack. x2
You closely miss Edmund.
Edmund is moderately wounded.
* * * LOW HITPOINT WARNING * * *
You feel very sick.
Edmund hits you with a +4 dire flail of venom!
You die...

######........##.##.....
######......#.###............
#.....<#####..# #...........!
#.....#####..#####..........†
#............................
#..<..###.#########..........
..............[..#.............
#####.......####...............
#..........@....##........##
...########@########.#####...
.### #.. ).......######## #.#
........#...##.. #.
................ ..
................ ##
................
................
########........


You could see Edmund.

Vanquished Creatures
  Sigmund (D:2)
  A scorpion (D:4)
  A hound (D:4)
  3 adders
  A worm (D:4)
  2 dart slugs
  An orc (D:3)
  4 ball pythons
  13 endoplasms
  4 giant cockroaches
  5 goblins
  7 hobgoblins
  13 jackals
  5 quokkas
  9 bats
  9 frilled lizards
  8 kobolds
  5 rats
92 creatures vanquished.

Notes
Turn   | Place    | Note
-------+----------+-------------------------------------------
     0 | D:1      | croobank the Hill Orc Fighter began the quest for the Orb.
     0 | D:1      | Reached XP level 1. HP: 19/19 MP: 1/1
   167 | D:1      | Reached XP level 2. HP: 12/27 MP: 2/2
   528 | D:1      | Found a faded altar of an unknown god.
   612 | D:1      | Reached XP level 3. HP: 27/33 MP: 3/3
  1435 | D:2      | Reached XP level 4. HP: 40/40 MP: 4/4
  1738 | D:2      | Noticed Sigmund
  1754 | D:2      | Killed Sigmund
  1755 | D:2      | Reached XP level 5. HP: 44/47 MP: 5/5
  1781 | D:2      | Reached XP level 6. HP: 55/55 MP: 6/6
  2023 | D:3      | Reached skill level 5 in Fighting
  2457 | D:3      | Found a broken altar of Ashenzari.
  2523 | D:3      | Found an ornate altar of the Wu Jian Council.
  2613 | D:4      | Found a shimmering altar of Xom.
  2643 | D:4      | Reached skill level 5 in Axes
  2714 | D:4      | Noticed Edmund
  2728 | D:4      | Slain by Edmund

Illustrated notes

Levels and vault maps discovered:
D:1:      wander_arrival_peaceful_grave, layout_basic,
          hellmonk_ecumenical_altar_prayer_group
D:2:      layout_rooms, serial_aquarium, aquarium_bridge_square
          [aquarium_subvault_window, aquarium_subvault_wall,
          aquarium_subvault_window, aquarium_subvault_bridge],
          aquarium_bridge_straight [aquarium_subvault_bridge,
          aquarium_subvault_window, aquarium_subvault_bridge,
          aquarium_subvault_wall], aquarium_window_3, aquarium_window_corner,
          aquarium_view_4, aquarium_view_2g, aquarium_balcony_double_3,
          aquarium_pool_2, uniq_sigmund
D:3:      layout_basic, lemuel_crystal_altar, ashenzari_altar_1,
          minmay_pentangle
D:4:      kennysheep_goblin_castle, layout_rooms,
          mainiacjoe_overflow_small_starburst, uniq_edmund, uniq_natasha

Skill      XL: |  1  2  3  4  5  6 |
---------------+-------------------+-----
Axes           | 3 4 5 |  5.1
Fighting       | 4 5 |  5.3
Shields        | 4 |  4.9
Armour         | 4 |  4.9

Action                   |  1- 3 |  4- 6 || total
-------------------------+-------+-------++-------
Melee: War axe           |   136 |   141 ||   277
Throw: Dart              |       |     1 ||     1
  Use: Scroll            |     7 |     2 ||     9
       Potion            |       |     1 ||     1
 Stab: Invisible         |       |     1 ||     1
Armor: Scale mail        |    78 |    63 ||   141
Dodge: Dodged            |    67 |    78 ||   145
Block: Buckler           |    33 |    54 ||    87

Table legend: (Time is in decaauts)
 A = Elapsed time spent in this place.
 B = Non-inter-level travel time spent in this place.
 C = Inter-level travel time spent in this place.
 D = Time resting spent in this place.
 E = Time spent auto-exploring this place.
 F = Levels seen in this place.
 G = Mean time per level.
                   A        B        C        D        E       F      G
               +--------+--------+--------+--------+--------+-----+--------+
         Total |   2820 |   2760 |     60 |    433 |   1585 |   4 |  705.0 |
       Dungeon |   2820 |   2760 |     60 |    433 |   1585 |   4 |  705.0 |
               +--------+--------+--------+--------+--------+-----+--------+

Top non-repeatable levels by time:
     D:1: 1299 daAuts
     D:3: 690 daAuts
     D:2: 690 daAuts
     D:4: 140 daAuts
